 Dungeon Crawl Stone Soup version 0.22-a0-292-g0df9d5f (webtiles) character file.

39022 Amnesiac the Devastator (level 13, -3/66 HPs)
             Began as a Deep Elf Wizard on Mar 23, 2018.
             Was a High Priest of Sif Muna.
             Splashed by an acid dragon's acid (10 damage)
             ... on level 11 of the Dungeon.
             The game lasted 00:39:47 (17128 turns).

Amnesiac the Devastator (Deep Elf Wizard)          Turns: 17128, Time: 00:39:49

Health: -3/66      AC:  4    Str:  8      XL:     13   Next: 67%
Magic:  1/35       EV: 15    Int: 28 (29) God:    Sif Muna [*****.]
Gold:   333        SH:  5    Dex: 13 (15) Spells: 16/45 levels left

rFire    . . .     SeeInvis .   q - +0 hunting sling (venom)
rCold    . . .     Gourm    .   o - +0 buckler
rNeg     . . .     Faith    +   c - +2 robe {Archmagi}
rPois    .         Spirit   .   D - +1 hat
rElec    .         Reflect  .   b - +0 cloak
rCorr    .         Harm     .   n - +2 pair of gloves
MR       +....                  k - +2 pair of boots
Stlth    ++........             A - amulet of faith
HPRegen  0.21/turn              x - +2 ring of evasion
MPRegen  0.24/turn              J - +4 ring of strength

@: corroded, divine energy
A: agile 1, blink, deterioration 1
a: Blink, Stop Divine Energy, Channel Magic, Forget Spell, Renounce Religion


You were on level 11 of the Dungeon.
You worshipped Sif Muna.
Sif Muna was extremely pleased with you.
You were hungry.

You visited 2 branches of the dungeon, and saw 13 of its levels.
You also visited: Volcano.

You collected 1583 gold pieces.
You spent 1250 gold pieces at shops.

Inventory:

Hand Weapons
 q - a +0 hunting sling of venom (weapon)
Missiles
 i - 211 stones (quivered)
 s - 24 sling bullets
Armour
 b - a +0 cloak (worn)
 c - a +2 robe of the Archmagi (worn)
 k - a +2 pair of boots (worn)
 l - a +2 robe of cold resistance
 n - a +2 pair of gloves (worn)
 o - a +0 buckler (worn)
 z - a +2 leather armour of fire resistance
 D - a +1 hat (worn)
Jewellery
 x - a +2 ring of evasion (left hand)
 A - an amulet of faith (around neck)
 J - a +4 ring of strength (right hand)
Wands
 j - a wand of random effects (27)
 p - a wand of iceblast (26)
 u - a wand of flame (5)
 y - a wand of clouds (8)
 E - a wand of scattershot (5)
 F - a wand of disintegration (17)
 L - a wand of paralysis (16)
 P - a wand of enslavement (16)
 R - a wand of digging (13)
Scrolls
 a - 3 scrolls of fog {!r}
 e - 2 scrolls of immolation {!r}
 h - 2 scrolls of blinking {!r}
 m - a scroll of amnesia {!r}
 r - a scroll of fear {!r}
 t - 9 scrolls of teleportation {!r}
 w - 2 scrolls of enchant armour {!r}
 G - a scroll of magic mapping {!r}
 H - a scroll of summoning {!r}
 M - 2 scrolls of remove curse {!r}
 O - a scroll of identify {!r}
Potions
 f - 6 potions of agility {!q}
 g - 2 potions of berserk rage {!q}
 v - 2 potions of brilliance {!q}
 B - a potion of cancellation {!q}
 C - 2 potions of haste {!q}
 K - 2 potions of flight {!q}
 N - a potion of might {!q}
Comestibles
 d - 11 rations


   Skills:
 + Level 1.7 Fighting
 - Level 2.4 Dodging
 - Level 2.4 Stealth
 - Level 4.0 Shields
 - Level 16.9 Spellcasting
 - Level 18.4 Conjurations
 - Level 1.1 Summonings
 - Level 1.1 Translocations


You had 16 spell levels left.
You knew the following spells:

 Your Spells              Type           Power        Failure   Level  Hunger
a - Orb of Destruction    Conj           ########..   1%          7    #####..
b - Irradiate             Conj/Tmut      #######...   1%          5    None
d - Lightning Bolt        Conj/Air       #######...   1%          5    None
e - Mephitic Cloud        Conj/Pois/Air  ######..     1%          3    None
f - Summon Lightning Spi  Summ/Air       #####...     16%         4    None
s - Conjure Flame         Conj/Fire      #######.     1%          3    None
v - Blink                 Tloc           N/A          1%          2    None


Dungeon Overview and Level Annotations

Branches:
Dungeon (11/15)            Temple (0/1) D:7             Orc (2/2) D:10
    Elf (0/3) Orc:2
   Lair: D:8-11

Altars:
Ashenzari
Cheibriados
Elyvilon
Fedhas
Kikubaaqudgha
Makhleb
Nemelex Xobeh
Okawaru
Qazlal
Sif Muna
Uskayaw
Vehumet
Xom
Beogh

Shops:
D:7 *   D:8 [*(?(   D:10 ?   D:11 ?   Orc:1 [   Orc:2 *:*(

Portals:
Pandemonium: Orc:2


Innate Abilities, Weirdness & Mutations

You are agile. (Dex +2)
You can translocate small distances at will.
Your body sometimes deteriorates upon taking damage.


Message History

You feel a surge of power!
The six-headed hydra roars!
The jelly quivers.
The acid dragon spits acid at you. The splash of acid hits you!
Your body deteriorates!
You feel dopey. The acid corrodes you!
You are splashed with acid!
The acid burns!
The orb of destruction hits the jelly.
You blow up the jelly!
Sif Muna accepts your kill. The hell hound breathes flames at you.
The blast of flame hits you!
* * * LOW HITPOINT WARNING * * *
Casting: Orb of Destruction (safe; 1% risk of failure)
Confirm with . or Enter, or press ? or * to list all spells.
Aiming: Orb of Destruction (safe; 1% risk of failure)
Press: ? - help, Shift-Dir - straight line, f/p - hell hound
Aim: a hell hound (catching its breath)
You feel a surge of power!
The orb of destruction hits the hell hound.
You blow up the hell hound!
Sif Muna accepts your kill.
Casting: Orb of Destruction (safe; 1% risk of failure)
Confirm with . or Enter, or press ? or * to list all spells.
Aiming: Orb of Destruction (safe; 1% risk of failure)
Press: ? - help, Shift-Dir - straight line, f - six-headed hydra
Aim: a six-headed hydra You feel a surge of power!
You are feeling hungry.
The orb of destruction hits the six-headed hydra.
The six-headed hydra is severely wounded.
Casting: Orb of Destruction (safe; 1% risk of failure)
Confirm with . or Enter, or press ? or * to list all spells.
Aiming: Orb of Destruction (safe; 1% risk of failure)
Press: ? - help, Shift-Dir - straight line, f/p - six-headed hydra
Aim: a six-headed hydra (magical condensation, severely wounded)
You feel a surge of power!
Casting: Orb of Destruction (safe; 1% risk of failure)
Confirm with . or Enter, or press ? or * to list all spells.
Aiming: Orb of Destruction (safe; 1% risk of failure)
Press: ? - help, Shift-Dir - straight line, f/p - six-headed hydra
Aim: a six-headed hydra (magical condensation, severely wounded)
You feel a surge of power! Sif Muna grants you divine energy.
You briefly lose access to your magic!
The wavering orb of destruction hits the six-headed hydra.
You blow up the six-headed hydra!
Sif Muna accepts your kill.
Training target 4.0 for Shields reached!
Your Shields skill increases to level 4!
You need to enable at least one skill for training.
You regain access to your magic.
The acid dragon spits acid at you. The splash of acid hits you!
* * * LOW HITPOINT WARNING * * *
Your body deteriorates!
You feel clumsy.
You are splashed with acid!
The acid burns!
* * * LOW HITPOINT WARNING * * *
There is a stone staircase leading up here.
The acid dragon spits acid at you. The splash of acid hits you!
* * * LOW HITPOINT WARNING * * *
The acid corrodes you!
You are splashed with acid!
The acid burns!
You die...

..............................
####*..%%.....................
# #..........................
#. #.§........................
#8.##..........................
...............................
.....%.....................)...
.∩.........D...................
......?.......@................
$..............................
.8......................
.......................
..§...................
........>.............
.........%...:........
..............########


You could see an acid dragon.

Vanquished Creatures
  Gastronok (D:10)
  Josephine (D:11)
  A hydra (D:11)
  Erica (D:8)
  4 two-headed ogres
  A sun demon (Orc:2)
  6 orc high priests (Orc:2)
  A gelid demonspawn (Orc:2)
  A torturous demonspawn (Orc:2)
  Pikel (D:8)
  4 orc knights (Orc:2)
  5 orc sorcerers (Orc:2)
  A salamander (Volcano)
  Joseph (D:7)
  A rust devil (Orc:2)
  Maurice (D:8)
  Psyche (D:8)
  A hellwing (Orc:2)
  An ice devil (Orc:2)
  The ghost of zkyp the Cudgeler, a novice GrAr of Gozag (D:6)
  A red devil (Volcano)
  2 trolls
  2 hippogriffs
  A slime creature (D:11)
  A wyvern (D:8)
  A fire bat (Volcano)
  5 wraiths
  2 chaos spawn (Orc:2)
  A hungry ghost (D:6)
  Grum (D:8)
  Menkaure (D:7)
  Edmund (D:4)
  3 wargs
  A water moccasin (D:6)
  3 hell hounds
  19 orc warriors
  3 sky beasts
  3 slaves (D:8)
  2 black bears
  2 phantoms
  8 centaurs
  5 ogres
  4 wolves (D:8)
  A crocodile (D:11)
  11 bullfrogs
  6 scorpions
  5 killer bees (D:7)
  A howler monkey (D:8)
  5 wights
  5 crimson imps
  A centaur zombie (D:9)
  2 jellies
  3 bullfrog zombies
  2 centaur skeletons
  19 orc priests
  6 hounds
  10 orc wizards
  Jessica (D:2)
  Terence (D:2)
  4 iguanas
  7 worker ants
  A hound zombie (D:11)
  2 hound skeletons
  Robin (D:4)
  24 adders
  An ooze (D:3)
  An adder skeleton (D:6)
  4 worms
  A dart slug (D:2)
  7 leopard geckos
  82 orcs
  2 ball pythons
  5 giant cockroaches
  23 goblins
  5 hobgoblins
  9 jackals
  6 quokkas
  15 bats
  6 frilled lizards
  11 kobolds
  A leopard gecko skeleton (D:4)
  A leopard gecko zombie (D:6)
  9 rats
414 creatures vanquished.

Vanquished Creatures (collateral kills)
  A scorpion (D:5)
1 creature vanquished.

Vanquished Creatures (others)
  A two-headed ogre (Volcano)
  3 fungi (D:5)
  A plant (D:8)
5 creatures vanquished.

Grand Total: 420 creatures vanquished

Notes
Turn   | Place    | Note
-------+----------+-------------------------------------------
     0 | D:1      | Amnesiac the Deep Elf Wizard began the quest for the Orb.
     0 | D:1      | Reached XP level 1. HP: 10/10 MP: 7/7
   151 | D:1      | Reached XP level 2. HP: 16/16 MP: 5/9
   190 | D:1      | Learned a level 2 spell: Blink
   193 | D:1      | Learned a level 2 spell: Call Imp
   223 | D:1      | Reached skill level 2 in Conjurations
   763 | D:2      | Reached skill level 1 in Fighting
   769 | D:2      | Found a snail-covered altar of Cheibriados.
   782 | D:2      | Reached XP level 3. HP: 19/20 MP: 3/11
   787 | D:2      | Learned a level 3 spell: Conjure Flame
   791 | D:2      | Learned a level 3 spell: Mephitic Cloud
   837 | D:2      | Noticed Terence
   880 | D:2      | Killed Terence
   880 | D:2      | Reached skill level 3 in Conjurations
  1001 | D:2      | Noticed Jessica
  1004 | D:2      | Killed Jessica
  1004 | D:2      | Reached XP level 4. HP: 25/25 MP: 8/12
  1272 | D:2      | Found a deep blue altar of Sif Muna.
  1332 | D:2      | Became a worshipper of Sif Muna the Loreminder
  1363 | D:2      | Reached skill level 4 in Conjurations
  1825 | D:3      | Reached XP level 5. HP: 29/30 MP: 5/13
  1842 | D:3      | Noticed Robin
  2148 | D:4      | Killed Robin
  2454 | D:3      | Reached skill level 5 in Conjurations
  2497 | D:3      | Gained mutation: You are agile. (Dex +2) [potion of mutation]
  2497 | D:3      | Gained mutation: You have a pair of small horns on your head. [potion of mutation]
  2497 | D:3      | Gained mutation: You are weak. (Str -2) [potion of mutation]
  2497 | D:3      | Gained mutation: You have a pair of horns on your head. [potion of mutation]
  2547 | D:3      | Reached skill level 5 in Spellcasting
  2919 | D:3      | Reached XP level 6. HP: 6/35 MP: 12/15
  3070 | D:3      | Found a sparkling altar of Nemelex Xobeh.
  3072 | D:3      | Found a white marble altar of Elyvilon.
  3190 | D:3      | Reached * piety under Sif Muna
  3346 | D:3      | Reached skill level 6 in Conjurations
  3752 | D:4      | Reached XP level 7. HP: 37/39 MP: 6/18
  3872 | D:4      | Reached skill level 7 in Conjurations
  3895 | D:4      | Noticed Edmund
  3958 | D:4      | Killed Edmund
  4357 | D:4      | Reached ** piety under Sif Muna
  4583 | D:5      | Entered Level 5 of the Dungeon
  4590 | D:4      | Reached skill level 8 in Conjurations
  4681 | D:5      | Found a radiant altar of Vehumet.
  4906 | D:5      | Found a stormy altar of Qazlal.
  5041 | D:5      | Reached XP level 8. HP: 14/44 MP: 3/22
  5463 | D:5      | Found the +7 Singing Sword
  5589 | D:5      | Found a shattered altar of Ashenzari.
  5603 | D:5      | Found a blossoming altar of Fedhas.
  5613 | D:5      | Reached skill level 9 in Conjurations
  5940 | D:6      | Reached *** piety under Sif Muna
  6101 | D:6      | Noticed zkyp's ghost (novice GrAr)
  6231 | D:6      | Reached skill level 10 in Conjurations
  6374 | D:6      | Reached XP level 9. HP: 45/48 MP: 8/24
  6668 | D:6      | Killed zkyp's ghost
  6668 | D:6      | Reached skill level 10 in Spellcasting
  7370 | D:6      | Found a shimmering altar of Xom.
  7408 | D:6      | Reached skill level 11 in Conjurations
  7504 | D:6      | Reached **** piety under Sif Muna
  7817 | D:7      | Noticed Menkaure
  8108 | D:7      | Killed Menkaure
  8247 | D:7      | Found Leent's Assorted Antiques.
  8252 | D:7      | Bought a blue potion for 23 gold pieces
  8252 | D:7      | Bought a fuming orange potion for 23 gold pieces
  8253 | D:7      | Bought a scroll of identify for 52 gold pieces
  8256 | D:7      | Noticed Joseph
  8258 | D:7      | Noticed a troll
  8304 | D:7      | Killed Joseph
  8539 | D:7      | Reached skill level 12 in Conjurations
  8543 | D:7      | Killed a troll
  8563 | D:7      | Reached ***** piety under Sif Muna
  8563 | D:7      | Identified Sif Muna's Disquisition on Fire (Sif Muna gifted it to you on level 7 of the Dungeon)
  8563 | D:7      | Received a gift from Sif Muna
  8577 | D:7      | Found an ancient bone altar of Kikubaaqudgha.
  8631 | D:7      | Found a staircase to the Ecumenical Temple.
  8633 | D:7      | Reached XP level 10. HP: 16/53 MP: 19/28
  8640 | D:7      | Learned a level 5 spell: Lightning Bolt
  8998 | D:8      | Found Vafutzin's General Store.
  9020 | D:8      | Noticed Maurice
  9045 | D:8      | Killed Maurice
  9088 | D:8      | Found a hide-covered altar of Uskayaw.
  9311 | D:8      | Noticed a two-headed ogre
  9342 | D:8      | Killed a two-headed ogre
  9384 | D:8      | Found Zipimne's Magic Scroll Shop.
  9395 | D:8      | Learned a level 7 spell: Orb of Destruction
  9399 | D:8      | Bought a scroll of magic mapping for 35 gold pieces
  9399 | D:8      | Bought a scroll of summoning for 95 gold pieces
  9430 | D:8      | Learned a level 4 spell: Summon Lightning Spire
  9436 | D:8      | Found Kibrul's Antique Weapon Shop.
  9585 | D:8      | Found Xesmill's Weapon Emporium.
  9585 | D:8      | Noticed Psyche
  9589 | D:8      | Killed Psyche
  9589 | D:8      | Reached skill level 13 in Conjurations
  9594 | D:8      | Noticed Pikel
  9598 | D:8      | Killed Pikel
  9681 | D:8      | Found Ylonwoag's Antique Armour Boutique.
  9781 | D:8      | Noticed Grum
  9787 | D:8      | Killed Grum
  9804 | D:8      | Identified Sif Muna's Reference Book on Sinister Transmigration (Sif Muna gifted it to you on level 8 of the Dungeon)
  9804 | D:8      | Received a gift from Sif Muna
  9815 | D:8      | Learned a level 5 spell: Irradiate
  9888 | D:8      | Noticed Erica
 10067 | D:8      | Killed Erica
 10381 | D:9      | Lost mutation: You have a pair of horns on your head. [potion of mutation]
 10381 | D:9      | Lost mutation: You have a pair of small horns on your head. [potion of mutation]
 10381 | D:9      | Lost mutation: You are weak. (Str -2) [potion of mutation]
 10381 | D:9      | Gained mutation: Your body sometimes deteriorates upon taking damage. [potion of mutation]
 10381 | D:9      | Gained mutation: You can translocate small distances at will. [potion of mutation]
 10541 | D:9      | Found a burning altar of Makhleb.
 10730 | D:9      | Found a burning altar of Makhleb.
 10771 | D:10     | Entered Level 10 of the Dungeon
 10777 | D:10     | Found a staircase to the Orcish Mines.
 10785 | D:10     | Found Howohoz's Magic Scroll Shoppe.
 10887 | D:10     | Reached skill level 14 in Conjurations
 10887 | D:10     | Reached XP level 11. HP: 39/57 MP: 30/30
 11460 | D:10     | Got a steaming quarterstaff {crush}
 11635 | D:10     | Noticed Gastronok
 11727 | D:10     | Killed Gastronok
 11904 | Orc:1    | Entered Level 1 of the Orcish Mines
 12064 | Orc:1    | Found a roughly hewn altar of Beogh.
 12098 | Orc:1    | Found a dark tunnel.
 12106 | Volcano  | Entered a volcano
 12177 | Volcano  | Noticed a two-headed ogre
 12178 | Volcano  | Noticed a two-headed ogre
 12186 | Volcano  | Killed a two-headed ogre
 12189 | Volcano  | Reached skill level 15 in Conjurations
 12193 | Volcano  | Killed a two-headed ogre
 12193 | Volcano  | Identified Sif Muna's Collected Works on Fire (Sif Muna gifted it to you in a volcano)
 12193 | Volcano  | Received a gift from Sif Muna
 12229 | Volcano  | Killed a two-headed ogre
 12716 | Orc:1    | Reached skill level 15 in Spellcasting
 12716 | Orc:1    | Reached skill level 16 in Conjurations
 12716 | Orc:1    | Reached XP level 12. HP: 62/62 MP: 31/33
 12718 | Orc:2    | Entered Level 2 of the Orcish Mines
 12736 | Orc:2    | Found an iron altar of Okawaru.
 13152 | Orc:2    | Found a staircase to the Elven Halls.
 13246 | Orc:2    | Identified Sirunaymm's Catalogue of Shape Shifting and Attacks (Sif Muna gifted it to you on level 2 of the Orcish Mines)
 13246 | Orc:2    | Received a gift from Sif Muna
 13588 | Orc:2    | Found Miwudgh's General Store.
 13590 | Orc:2    | Found Buymanwu's General Store.
 13596 | Orc:2    | Reached skill level 17 in Conjurations
 13758 | Orc:2    | Bought a scroll of identify for 30 gold pieces
 13783 | Orc:2    | Found a roughly hewn altar of Beogh.
 14196 | Orc:2    | Noticed an orc high priest
 14305 | Orc:2    | Reached XP level 13. HP: 58/66 MP: 0/35
 14625 | Orc:2    | Identified Sif Muna's Volume of Conjuration and the Birds (Sif Muna gifted it to you on level 2 of the Orcish Mines)
 14625 | Orc:2    | Received a gift from Sif Muna
 14731 | Orc:2    | Reached skill level 18 in Conjurations
 15045 | Orc:2    | Found Wicau's Book Shoppe.
 15045 | Orc:2    | Found Sutu's Antique Weapon Emporium.
 15045 | Orc:2    | Found a one-way gate leading to the halls of Pandemonium.
 15703 | Orc:1    | Found Qurhyu Ugee's Armour Shop.
 16066 | Orc:1    | Bought a +2 robe of the Archmagi for 490 gold pieces
 16071 | Orc:1    | Bought a +2 pair of boots for 214 gold pieces
 16164 | D:8      | Bought a pair of glowing gloves for 180 gold pieces
 16169 | D:8      | Bought a buckler for 108 gold pieces
 16209 | D:11     | Noticed Josephine
 16472 | D:11     | Killed Josephine
 16472 | D:11     | Reached skill level 1 in Shields
 17113 | D:11     | Found Kava's Magic Scroll Boutique.
 17128 | D:11     | Splashed by an acid dragon's acid

Vault maps used:
D:1:      giann_horns, palyth_stone_intersect, corexii_corridor_pit,
          minmay_pentomino_r2
D:2:      nicolae_overflow_crystal_walls, marbit_many_paths, first_ration,
          uniq_terence, uniq_jessica
D:3:      minitemple, minmay_misc_feat_x, uniq_robin
D:4:      uniq_edmund
D:5:      old_forge, grunt_temple_overflow_open,
          nicolae_qazlal_general_emergency, vehumet_altar_wand_db
D:6:      tgw_xom
D:7:      lemuel_crystal_altar, temple_fountains, serial_corexii_hall,
          corexii_hall_statues_x, corexii_hall_statues_l,
          corexii_hall_statues_deadend, corexii_hall_statues_i, serial_shops,
          shop, uniq_joseph, uniq_menkaure
D:8:      lemuel_round_altar, serial_shops, shop,
          nicolae_shop_competitors_out_of_business, shop, shop,
          nicolae_shop_overgrown_old_shop, uniq_grum, uniq_psyche, uniq_maurice,
          uniq_erica, uniq_pikel
D:9:      lightli_temple_of_fire, makhleb_altar_promises_db
D:10:     orc_0_dummy, serial_shops, shop, uniq_gastronok
D:11:     minmay_lair_entry_lava, serial_shops, shop_statue, uniq_josephine
Orc:1:    serial_shops, nicolae_shop_statue_plus,
          lightli_volcano_entry_magma_tube, mines2_david
Orc:2:    pf_orc_diabolical, basic_altar, okawaru_metal_pillars_1_2
Volcano:  volcano_village

Skill      XL: |  1  2  3  4  5  6  7  8  9 10 11 12 13 |
---------------+----------------------------------------+-----
Conjurations   | 2 3 4 5 6 8 10 12 14 16 17 18 | 18.4
Fighting       | 1 |  1.7
Spellcasting   | 5 6 8 9 12 13 15 16 | 16.9
Shields        | 4 |  4.0
Dodging        | |  2.4
Stealth        | |  2.4
Summonings     | |  1.1
Translocations | |  1.1

Action                   |  1- 3 |  4- 6 |  7- 9 | 10-12 | 13-15 || total
-------------------------+-------+-------+-------+-------+-------++-------
Melee: Unarmed           |       |     2 |       |       |       ||     2
       Hunting sling     |       |       |       |       |     1 ||     1
 Fire: Hunting sling     |       |    67 |   270 |   223 |    14 ||   574
 Cast: Magic Dart        |    64 |   167 |   250 |     3 |       ||   484
       Call Imp          |     2 |     5 |     5 |       |       ||    12
       Mephitic Cloud    |       |     3 |     2 |     3 |       ||     8
       Blink             |       |     1 |     8 |     6 |     3 ||    18
       Conjure Flame     |       |       |    26 |     3 |       ||    29
       Orb of Destructio |       |       |       |   111 |    91 ||   202
       Lightning Bolt    |       |       |       |     6 |       ||     6
Invok: Divine Energy     |       |     1 |       |       |       ||     1
Evoke: Wand              |       |       |     6 |     1 |       ||     7
  Use: Scroll            |       |     7 |    11 |     4 |       ||    22
       Potion            |       |     1 |     5 |     4 |       ||    10
  Eat: Chunk             |       |     8 |    11 |    44 |    30 ||    93
       Ration            |       |       |     2 |     1 |       ||     3
Armor: Robe              |     2 |    25 |    27 |    22 |    10 ||    86
       Leather armour    |       |       |       |     2 |     9 ||    11
Dodge: Dodged            |     8 |    56 |   144 |   107 |    61 ||   376

Table legend:
 A = Spawn XP
 B = Non-spawn XP
 C = Spawn XP percentage of total XP
 D = Spawn monster count
 E = Non-spawn monster count
 F = Spawn count percentage of total count
 G = Total turns spent on level
                    A         B        C        D         E        F      G
               +---------+---------+-------+---------+---------+-------+---------
         Total |       0 |   41559 |   0.0 |       0 |     412 |   0.0 | 17128
               +---------+---------+-------+---------+---------+-------+---------
           D:1 |       0 |      27 |   0.0 |       0 |      20 |   0.0 |   716
           D:2 |       0 |     140 |   0.0 |       0 |      26 |   0.0 |  1314
           D:3 |       0 |     433 |   0.0 |       0 |      49 |   0.0 |   936
           D:4 |       0 |     650 |   0.0 |       0 |      28 |   0.0 |  1630
           D:5 |       0 |     808 |   0.0 |       0 |      39 |   0.0 |  1899
           D:6 |       0 |    1862 |   0.0 |       0 |      42 |   0.0 |  1547
           D:7 |       0 |    2045 |   0.0 |       0 |      21 |   0.0 |   902
           D:8 |       0 |    4598 |   0.0 |       0 |      21 |   0.0 |  1411
           D:9 |       0 |     307 |   0.0 |       0 |       4 |   0.0 |   545
          D:10 |       0 |    4134 |   0.0 |       0 |      28 |   0.0 |  1404
          D:11 |       0 |    5178 |   0.0 |       0 |      31 |   0.0 |   683
         Orc:1 |       0 |    1538 |   0.0 |       0 |      27 |   0.0 |   823
         Orc:2 |       0 |   16680 |   0.0 |       0 |      68 |   0.0 |  2801
       Volcano |       0 |    3159 |   0.0 |       0 |       8 |   0.0 |   517
               +---------+---------+-------+---------+---------+-------+---------
